 Seeded DCSS version 0.30.1-9-gdf580d7c3d (webtiles) character file.

Game seed: 6351066067085065685 (custom seed)

60 Esekla the Magician (level 3, -1/19 HPs)
             Began as a Deep Elf Wanderer on Oct 8, 2023.
             Was an Initiate of Vehumet.
             Slain by a hound (4 damage)
             ... on level 3 of the Dungeon.
             The game lasted 00:12:13 (1650 turns).

Esekla the Magician (Deep Elf Wanderer)             Turns: 1650, Time: 00:12:14

Health: -1/19      AC:  4    Str: 11    XL:     3   Next: 80%
Magic:  5/12       EV: 11    Int: 19    God:    Vehumet [......]
Gold:   148        SH:  3    Dex: 11    Spells: 6/13 levels left

rFire   . . .        a - +1 short sword (freeze)
rCold   . . .        d - +0 buckler
rNeg    . . .        c - +0 robe
rPois   .            m - +0 helmet
rElec   .            (no cloak)
rCorr   .            l - +0 pair of gloves
SInv    .            (no boots)
Will    .....        (no amulet)
Stlth   ++           (no ring)
HPRegen 0.23/turn    (no ring)
MPRegen 0.13/turn

%: no passive effects
@: very slightly contaminated
A: no striking features
a: Renounce Religion


You were on level 3 of the Dungeon.
You worshipped Vehumet.
Vehumet was noncommittal.
You visited 1 branch of the dungeon, and saw 4 of its levels.

You collected 148 gold pieces.

Inventory:

Hand Weapons
 a - a +1 short sword of freezing (weapon)
 s - the +5 rapier of the Hero {heavy, rN+ Dex+3}
   (You found it on level 3 of the Dungeon)

   Dex:       It affects your dexterity (+3).
   rN:        It protects you from negative energy.
Armour
 c - a +0 robe (worn)
 d - a +0 buckler (worn)
 l - a +0 pair of gloves (worn)
 m - a +0 helmet (worn)
Wands
 f - a wand of roots (9)
Scrolls
 g - 3 scrolls of identify {unknown}
 h - a scroll of enchant armour {unknown}
 j - a scroll of amnesia {unknown}
 o - 2 scrolls of enchant weapon {unknown}
 p - a scroll of immolation {unknown}
Potions
 b - a potion of lignification
 e - a potion of ambrosia {unknown}
 i - a potion of attraction
 k - a potion of curing {unknown}
 n - a potion of mutation {unknown}


   Skills:
 * Level 1.9 Dodging
 + Level 1.4 Stealth
 + Level 1.5 Shields
 * Level 5.8 Spellcasting
 + Level 2.5 Translocations
 + Level 1.1 Invocations


You had 6 spell levels left.
You knew the following spells:

 Your Spells              Type           Power      Damage    Failure   Level
a - Magic Dart            Conj           20%        1d4       17%         1
b - Blink                 Tloc           30%        N/A       9%          2
d - Vampiric Draining     Necr           5%         2d6       45%         3
p - Apportation           Tloc           30%        N/A       6%          1

Your spell library contained the following spells:

 Spells                   Type           Power      Damage    Failure   Level
 Lesser Beckoning         Tloc           30%        N/A       9%          2
 Ignite Poison            Fire/Tmut/Pois 5%         N/A       45%         3


Dungeon Overview and Level Annotations

Branches:
Dungeon (4/15)
 Temple: D:4-7

Altars:
Hepliaklqana
Okawaru
Qazlal
Trog
Vehumet
Zin

Shops:
D:2 =   D:4 (


Message History

Aim: a hound (severely wounded, 100% to hit)
The magic dart hits the hound but does no damage.
The hound is severely wounded.
The hound bites you.
* * * LOW HITPOINT WARNING * * *
Casting: Magic Dart (safe; 17% risk of failure)
Confirm with . or Enter, or press ? or * to list all spells.
Aiming: Magic Dart (safe; 17% risk of failure)
Press: ? - help, Shift-Dir - straight line, f/p - hound
Aim: a hound (severely wounded, 100% to hit)
You miscast Magic Dart.
You are very lightly contaminated with residual magic.
Nothing appears to happen.
The hound bites you.
* * * LOW HITPOINT WARNING * * *
The hound barely misses you.
Casting: Magic Dart (safe; 17% risk of failure)
Confirm with . or Enter, or press ? or * to list all spells.
Aiming: Magic Dart (safe; 17% risk of failure)
Press: ? - help, Shift-Dir - straight line, f/p - hound
Aim: a hound (severely wounded, 100% to hit)
The magic dart hits the hound but does no damage.
The hound is severely wounded.
The hound closely misses you.
Casting: Magic Dart (safe; 17% risk of failure)
Confirm with . or Enter, or press ? or * to list all spells.
Aiming: Magic Dart (safe; 17% risk of failure)
Press: ? - help, Shift-Dir - straight line, f/p - hound
Aim: a hound (severely wounded, 100% to hit)
The magic dart hits the hound but does no damage.
The hound is severely wounded.
The hound closely misses you. The hound bites you but does no damage.
Casting: Magic Dart (safe; 17% risk of failure)
Confirm with . or Enter, or press ? or * to list all spells.
Aiming: Magic Dart (safe; 17% risk of failure)
Press: ? - help, Shift-Dir - straight line, f/p - hound
Aim: a hound (severely wounded, 100% to hit)
The magic dart hits the hound.
The hound is severely wounded.
The hound bites you.
You die...

###....###....h.
.............._....#.
###.####.##.........#
#.# #.#..........#
#.# #......8.._.. #.#
###......... #.#
#._.....# #.#
#.....h.# #.# #...@#
#.# #.##.# #.# #....#
#.# ####.#
#.############.#
#..............#
#.############.# ###
###


You could see a hound.

Vanquished Creatures
  2 gnolls (D:4)
  2 adders
  A dart slug (D:3)
  3 orcs (D:3)
  An endoplasm (D:3)
  3 goblins
  2 hobgoblins (D:3)
  A ball python (D:3)
  2 bats (D:3)
  A frilled lizard (D:3)
  3 kobolds
21 creatures vanquished.

Notes
Turn   | Place    | Note
-------+----------+-------------------------------------------
     0 | D:1      | Esekla the Deep Elf Wanderer began the quest for the Orb.
     0 | D:1      | Esekla set off with the following items: a +0 club, a
                  | potion of lignification, a +0 robe, a +0 buckler; and the
                  | following spells available to memorise: Apportation, Blink,
                  | Lesser Beckoning, Magic Dart, Ignite Poison, Vampiric
                  | Draining.
     0 | D:1      | Reached XP level 1. HP: 10/10 MP: 7/7
     2 | D:1      | Learned a level 1 spell: Magic Dart
     4 | D:1      | Learned a level 1 spell: Apportation
   260 | D:2      | Found Renulab's Jewellery Shop.
   433 | D:4      | Found a radiant altar of Vehumet.
   496 | D:4      | Found an iron altar of Okawaru.
   507 | D:4      | Found a glowing silver altar of Zin.
   591 | D:4      | Became a worshipper of Vehumet
   737 | D:2      | Reached skill level 1 in Dodging
   828 | D:2      | Reached XP level 2. HP: 12/15 MP: 0/9
   831 | D:2      | Learned a level 2 spell: Blink
   990 | D:3      | Reached skill level 5 in Spellcasting
  1124 | D:4      | Found Ponaysk's Antique Weapon Boutique.
  1250 | D:4      | Reached XP level 3. HP: 19/19 MP: 7/11
  1254 | D:4      | Learned a level 3 spell: Vampiric Draining
  1392 | D:3      | Identified the +5 rapier of the Hero {heavy, rN+ Dex+3}
                  | (You found it on level 3 of the Dungeon)
  1586 | D:3      | Found a stormy altar of Qazlal.
  1627 | D:3      | Found a hazy altar of Hepliaklqana.
  1629 | D:3      | Found a bloodstained altar of Trog.
  1650 | D:3      | Slain by a hound

Illustrated notes

Levels and vault maps discovered:
D:1:      sevenhm_arrival_forest_fort_small_3, layout_rooms,
          chequers_serial_rivers_room_b, minmay_misc_feat_five
D:2:      layout_loops_ring, dreamdust_ecumenical_altar_angels_and_demons,
          serial_shops, shop
D:3:      layout_basic, grunt_temple_overflow_open, minmay_misc_feat_iff
D:4:      layout_basic, nicolae_overflow_quartered_altars, serial_shops,
          nicolae_diamond_shop

Skill      XL: |  1  2 |
---------------+-------+-----
Dodging        | 1 |  1.9
Spellcasting   | 5 |  5.8
Stealth        | |  1.4
Shields        | |  1.5
Translocations | |  2.5
Invocations    | |  1.1

Action                     || total
---------------------------++-------
  Melee: Short sword       ||    64
   Cast: Magic Dart        ||    39
         Apportation       ||    25
    Use: Potion            ||     3
         Scroll            ||     1
   Stab: Sleeping          ||     2
 Armour: Robe              ||    28
  Dodge: Dodged            ||    55
  Block: Buckler           ||    12
